 Dungeon Crawl Stone Soup version 0.25-a0-700-g7f8a7979f0 (webtiles) character file.

Game seed: 1708153071653771311, levelgen mode: deterministic

14730 kae the Grappler (level 11, 0/92 HPs)
             Began as a Grey Draconian Transmuter on Apr 2, 2020.
             Was an Elder of Makhleb.
             Slain by a six-headed hydra (5 damage)
             ... on level 2 of the Lair of Beasts.
             The game lasted 00:11:41 (11068 turns).

kae the Grappler (Grey Draconian Transmuter)       Turns: 11068, Time: 00:11:42

Health: 0/92       AC:  6    Str: 14    XL:     11   Next: 92%
Magic:  22/24      EV: 10    Int: 15    God:    Makhleb [****..]
Gold:   550        SH:  0    Dex: 16    Spells: 13/28 levels left

rFire    x . .     SeeInvis .     - Unarmed
rCold    + + +     Gourm    .   (shield currently unavailable)
rNeg     . . .     Faith    .   (armour unavailable)
rPois    +         Spirit   .   (helmet currently unavailable)
rElec    .         Reflect  .   (cloak currently unavailable)
rCorr    .         Harm     .   (gloves currently unavailable)
MR       .....                  (boots currently unavailable)
Stlth    +.........             s - amulet of regeneration
HPRegen  0.65/turn              n - ring of poison resistance
MPRegen  0.19/turn              o - +4 ring of dexterity

@: about to teleport, ice-form
A: large, (walk through water), unfitting armour, AC +12
a: End Transformation, Minor Destruction, Lesser Servant of Makhleb, Major
Destruction, Renounce Religion


You were on level 2 of the Lair of Beasts.
You worshipped Makhleb.
Makhleb was greatly pleased with you.
You were not hungry.
You were a creature of crystalline ice.
You visited 2 branches of the dungeon, and saw 12 of its levels.

You collected 550 gold pieces.

Inventory:

Missiles
 a - 254 arrows
Jewellery
 l - an uncursed ring of protection from fire
 m - an uncursed ring of poison resistance
 n - a ring of poison resistance (left front paw)
 o - a +4 ring of dexterity (right front paw)
 p - an uncursed ring of flight
 s - an amulet of regeneration (around neck)
 C - an uncursed ring of ice
Wands
 j - a wand of polymorph (24)
 t - a wand of flame (6)
 y - a wand of disintegration (7)
Scrolls
 b - 5 scrolls of remove curse
 d - a scroll of enchant armour
 q - 2 scrolls of magic mapping
Potions
 e - a potion of ambrosia
 g - 2 potions of flight
 h - 2 potions of haste
 i - 3 potions of stabbing
 k - 2 potions of curing
 r - a potion of heal wounds
 v - 2 potions of cancellation
 w - 2 potions of brilliance
 z - a potion of resistance
 A - a potion of magic
 B - a potion of might
 D - a potion of lignification
Comestibles
 c - 22 rations
 u - 3 chunks of flesh


   Skills:
 - Level 1.1 Fighting
 - Level 1.7 Dodging
 * Level 13.5 Unarmed Combat
 + Level 9.2 Spellcasting
 + Level 9.9 Transmutations
 - Level 2.0 Ice Magic


You had 13 spell levels left.
You knew the following spells:

 Your Spells              Type           Power        Failure   Level  Hunger
a - Beastly Appendage     Tmut           #####.       1%          1    None
b - Sticks to Snakes      Tmut           #####...     1%          2    None
c - Spider Form           Tmut/Pois      ###.......   4%          3    #......
d - Ice Form              Ice/Tmut       ###.....     9%          4    ###....
e - Blade Hands           Tmut           #####.....   4%          5    #####..

Your spell library contained the following spells:

 Spells                   Type           Power        Failure   Level  Hunger


Dungeon Overview and Level Annotations

Branches:
Dungeon (10/15)            Temple (0/1) D:4            Lair (2/6) D:10
    Orc (0/2) D:9
  Swamp: Lair:2-4    Shoals: Lair:2-4     Snake: Lair:2-4    Spider: Lair:2-4

Altars:
Ashenzari
Hepliaklqana
Kikubaaqudgha
Makhleb
Qazlal
Ru
Yredelemnul
Zin
The Shining One

Annotations:
D:3 2 transporters, zkyp's ghost, amateur DsAM
D:4 exclusion: phantom
D:5 2 transporters
D:10 1 runed translucent door, Zorot's ghost, journeyman OpCj


Innate Abilities, Weirdness & Mutations

((You can walk through water.))
((Your dull iron-grey scales are very hard. (AC +12)))
You cannot fit into any form of body armour.
((You can survive without breathing.))
((You are cold-blooded and may be slowed by cold attacks.))


Message History

The six-headed hydra bites you! x2
The six-headed hydra bites you but does no damage. x2
The six-headed hydra bites you. The six-headed hydra bites you!
You punch the six-headed hydra! You freeze the six-headed hydra.
The six-headed hydra is moderately wounded.
The six-headed hydra bites you but does no damage.
The six-headed hydra bites you! x3
The six-headed hydra bites you but does no damage.
The six-headed hydra bites you!
* * * LOW HITPOINT WARNING * * *
Okay, then.
As you read the scroll of teleportation, it crumbles to dust.
You feel strangely unstable. The six-headed hydra bites you!
* * * LOW HITPOINT WARNING * * *
The six-headed hydra bites you!
* * * LOW HITPOINT WARNING * * *
The six-headed hydra bites you.
* * * LOW HITPOINT WARNING * * *
The six-headed hydra bites you.
You die...

.#..................#
.......P###........P#
.......## #........##
........# #........#
.##....P# #........#
.###...## #........#
.# #....###........#
..##...###.........#
.......# ##....DY.<#
.......####........#
....รท....PP........#
.............##.#..#
.............#####.#
.............# #.#
.............# ..#
.......###P$D# #..
.......# #...# .#


You could see a six-headed hydra.

Vanquished Creatures
  Fannar (Lair:1)
  A hydra (D:9)
  4 two-headed ogres
  Pikel (D:6)
  4 spiny frogs (Lair:1)
  Psyche (D:8)
  A black mamba (Lair:1)
  A troll (D:10)
  Grinder (D:6)
  4 blink frogs (Lair:1)
  3 hippogriffs
  2 dream sheep (D:9)
  10 yaks
  A wyvern (D:10)
  A hungry ghost (D:10)
  Menkaure (D:5)
  9 water moccasins
  2 ice beasts (D:5)
  3 orc warriors
  A porcupine (Lair:1)
  A slave (D:6)
  2 sky beasts
  2 phantoms
  2 ogres
  4 centaurs
  2 crocodiles
  Blork the orc (D:6)
  4 big kobolds (D:9)
  6 bullfrogs
  2 water moccasin zombies
  A scorpion (D:9)
  2 electric eels (D:9)
  6 wights
  A howler monkey (D:10)
  A crimson imp (D:4)
  2 bullfrog zombies
  3 orc priests
  2 quasits
  4 hounds
  A jelly (D:10)
  A centaur skeleton (D:5)
  4 iguanas
  Jessica (D:3)
  5 orc wizards
  6 worker ants
  A hound skeleton (D:7)
  A worker ant zombie (D:10)
  A howler monkey skeleton (D:7)
  3 gnolls (D:2)
  9 adders
  2 shadow imps
  3 oozes
  3 worms
  5 dart slugs
  6 leopard geckos
  22 orcs
  3 giant cockroaches
  6 goblins
  9 hobgoblins
  2 jackals (D:8)
  3 quokkas
  2 ball pythons (D:2)
  6 bats
  3 frilled lizards
  8 kobolds
  A quokka skeleton (D:10)
  6 rats
223 creatures vanquished.

Vanquished Creatures (others)
  A human (D:10)
  4 plants
5 creatures vanquished.

Grand Total: 228 creatures vanquished

Notes
Turn   | Place    | Note
-------+----------+-------------------------------------------
     0 | D:1      | kae the Draconian Transmuter began the quest for the Orb.
     0 | D:1      | Reached XP level 1. HP: 16/16 MP: 3/3
   262 | D:1      | Reached XP level 2. HP: 20/23 MP: 3/5
   856 | D:1      | Reached XP level 3. HP: 24/28 MP: 6/6
   860 | D:1      | Learned a level 2 spell: Sticks to Snakes
   864 | D:1      | Learned a level 3 spell: Spider Form
   985 | D:2      | Found a burning altar of Makhleb.
  1170 | D:2      | Found a glowing golden altar of the Shining One.
  1677 | D:2      | Reached skill level 4 in Unarmed Combat
  1820 | D:2      | Reached XP level 4. HP: 35/35 MP: 3/7
  2187 | D:2      | Became a worshipper of Makhleb the Destroyer
  2424 | D:3      | Found a basalt altar of Yredelemnul.
  2577 | D:3      | Noticed Jessica
  2588 | D:3      | Killed Jessica
  2588 | D:3      | Reached XP level 5. HP: 40/40 MP: 6/9
  2660 | D:3      | Learned a level 4 spell: Ice Form
  2765 | D:3      | Found a transporter.
  2771 | D:3      | Found a transporter.
  2773 | D:3      | Noticed zkyp's ghost (amateur DsAM)
  3352 | D:4      | Reached skill level 5 in Unarmed Combat
  3372 | D:4      | Found a staircase to the Ecumenical Temple.
  3451 | D:4      | Found a shattered altar of Ashenzari.
  3522 | D:4      | Reached XP level 6. HP: 42/47 MP: 6/11
  4728 | D:5      | Entered Level 5 of the Dungeon
  4795 | D:5      | Reached * piety under Makhleb
  4895 | D:5      | Noticed an ice beast
  4898 | D:5      | Noticed an ice beast
  4918 | D:5      | Killed an ice beast
  4918 | D:5      | Reached skill level 6 in Unarmed Combat
  4918 | D:5      | Your scales start taking on a dull iron-grey colour.
  4918 | D:5      | Reached XP level 7. HP: 29/52 MP: 8/12
  4918 | D:5      | Gained mutation: You can survive without breathing. [Grey
                  | Draconian growth]
  5127 | D:5      | Found a stormy altar of Qazlal.
  5248 | D:5      | Found a transporter.
  5249 | D:5      | Noticed a fire bat
  5249 | D:5      | Noticed a fire bat
  5282 | D:5      | Noticed Menkaure
  5291 | D:5      | HP: 2/52 [Menkaure (25)]
  5294 | D:5      | Killed Menkaure
  5428 | D:5      | Found a transporter.
  5442 | D:6      | Noticed Grinder
  5613 | D:6      | Killed Grinder
  5613 | D:6      | Reached skill level 7 in Unarmed Combat
  5613 | D:6      | Reached skill level 5 in Transmutations
  5613 | D:6      | Reached XP level 8. HP: 59/59 MP: 11/15
  5642 | D:6      | Learned a level 5 spell: Blade Hands
  5883 | D:6      | Reached skill level 5 in Spellcasting
  6153 | D:6      | Reached skill level 8 in Unarmed Combat
  6492 | D:6      | Noticed Blork the orc
  6503 | D:6      | Killed Blork the orc
  6524 | D:6      | Noticed Pikel
  6534 | D:6      | Killed Pikel
  6534 | D:6      | Reached skill level 9 in Unarmed Combat
  6534 | D:6      | Reached XP level 9. HP: 59/64 MP: 14/17
  6746 | D:7      | Reached ** piety under Makhleb
  7386 | D:8      | Noticed Psyche
  7395 | D:8      | Killed Psyche
  7395 | D:8      | Reached skill level 10 in Unarmed Combat
  7395 | D:8      | Reached skill level 1 in Ice Magic
  7570 | D:8      | Found a glowing silver altar of Zin.
  7944 | D:9      | Found a staircase to the Orcish Mines.
  7947 | D:9      | Found a hazy altar of Hepliaklqana.
  7949 | D:9      | Noticed a two-headed ogre
  8099 | D:9      | Killed a two-headed ogre
  8099 | D:9      | Reached XP level 10. HP: 31/71 MP: 13/20
  8270 | D:9      | Found a sacrificial altar of Ru.
  8419 | D:9      | Reached *** piety under Makhleb
  8419 | D:9      | Reached skill level 11 in Unarmed Combat
  8695 | D:9      | Noticed a three-headed hydra
  8706 | D:9      | HP: 1/85 [three-headed hydra (9)]
  8708 | D:9      | Killed a three-headed hydra
  9031 | D:10     | Entered Level 10 of the Dungeon
  9031 | D:10     | Noticed a two-headed ogre
  9233 | D:10     | Found an ancient bone altar of Kikubaaqudgha.
  9310 | D:10     | Reached skill level 12 in Unarmed Combat
  9325 | D:10     | Found a staircase to the Lair.
  9382 | D:10     | Reached XP level 11. HP: 64/77 MP: 18/23
  9389 | D:10     | Killed a two-headed ogre
  9391 | D:10     | Reached **** piety under Makhleb
  9569 | D:10     | Noticed a two-headed ogre
  9576 | D:10     | Killed a two-headed ogre
  9596 | D:10     | Found a runed translucent door.
  9597 | D:10     | Noticed Zorot's ghost (journeyman OpCj)
  9909 | D:10     | Noticed a two-headed ogre
  9920 | D:10     | Killed a two-headed ogre
  9951 | Lair:1   | Entered Level 1 of the Lair of Beasts
 10186 | Lair:1   | Reached skill level 13 in Unarmed Combat
 10187 | Lair:1   | Noticed Fannar
 10407 | Lair:1   | Killed Fannar
 10882 | Lair:2   | Noticed a six-headed hydra
 11068 | Lair:2   | Slain by a six-headed hydra

Levels and vault maps discovered:
D:1:      ncdulo_smallfort, layout_loops_cross, minmay_bisected
D:2:      layout_loops_ring, tso_metal_star, lightli_temple_of_fire
D:3:      layout_basic, yredelemnul_altar_generic,
          gammafunk_ghost_gnarly_gnolls, uniq_jessica
D:4:      layout_basic, kennysheep_mini_moat,
          minmay_temple_entry_drinking_statues
D:5:      gammafunk_cloud_chamber, layout_rooms, first_ration,
          minmay_misc_feat_diagonals, grunt_qazlal_clouds, uniq_menkaure
D:6:      layout_loops_ring, uniq_grinder, uniq_pikel, uniq_blork_the_orc
D:7:      layout_basic
D:8:      layout_cave_pools, lemuel_crystal_altar, uniq_psyche
D:9:      layout_basic, lemuel_round_altar, old_standard_altar, orc_0_dummy,
          hangedman_ranch [blue_anna_fruit_fields], minmay_misc_feat_hallway,
          grunt_ministairs_12
D:10:     layout_roguey, dpeg_oklobed_lair, ebering_ghost_inner_flame,
          tgw_kikubaaqudgha
Lair:1:   layout_big_grid, uniq_fannar
Lair:2:   layout_small_grid, chequers_serial_rivers_large_a, uniq_harold,
          uniq_urug

Skill      XL: |  1  2  3  4  5  6  7  8  9 10 11 |
---------------+----------------------------------+-----
Unarmed Combat | 4 5 6 7 9 10 12 13 | 13.5
Transmutations | 3 4 5 6 7 8 9 |  9.9
Spellcasting   | 3 4 5 6 8 9 |  9.2
Ice Magic      | 2 |  2.0
Fighting       | |  1.1
Dodging        | |  1.7

Action                   |  1- 3 |  4- 6 |  7- 9 | 10-12 || total
-------------------------+-------+-------+-------+-------++-------
Melee: Unarmed           |    92 |   164 |   251 |   264 ||   771
       Tailslap          |    10 |    15 |     7 |    26 ||    58
       Kick              |     4 |    10 |     1 |       ||    15
       Headbutt          |     5 |     3 |     1 |       ||     9
       Punch             |     2 |     3 |     5 |     5 ||    15
 Cast: Beastly Appendage |    16 |    19 |     2 |       ||    37
       Spider Form       |     1 |    10 |    23 |     3 ||    37
       Sticks to Snakes  |     1 |       |     1 |       ||     2
       Ice Form          |       |       |     2 |    17 ||    19
       Blade Hands       |       |       |     2 |    11 ||    13
 Abil: End Transformatio |       |       |       |     2 ||     2
Evoke: Wand              |       |       |       |    12 ||    12
  Use: Potion            |     1 |     4 |     1 |     2 ||     8
       Scroll            |       |    11 |     5 |    11 ||    27
 Stab: Sleeping          |       |     1 |       |       ||     1
  Eat: Chunk             |     3 |    11 |    11 |    10 ||    35
       Ration            |       |       |     1 |     2 ||     3
Armor: Skin              |    28 |    30 |    31 |    59 ||   148
Dodge: Dodged            |    64 |   121 |   169 |   155 ||   509

Table legend:
 A = Non-vault XP
 B = Vault XP
 C = Vault XP percentage of total XP
 D = Non-vault monster count
 E = Vault monster count
 F = Vault count percentage of total count
                 A         B        C        D         E       F
            +---------+---------+-------+---------+---------+-------
      Total |   16060 |    4983 |  23.7 |     202 |      20 |   9.0
            +---------+---------+-------+---------+---------+-------
        D:1 |      30 |      12 |  28.6 |      12 |       4 |  25.0
        D:2 |      98 |       0 |   0.0 |      23 |       0 |   0.0
        D:3 |      82 |      37 |  31.1 |      17 |       1 |   5.6
        D:4 |     294 |       0 |   0.0 |      17 |       0 |   0.0
        D:5 |     527 |     172 |  24.6 |       8 |       1 |  11.1
        D:6 |     970 |    1073 |  52.5 |      20 |       3 |  13.0
        D:7 |     739 |       0 |   0.0 |      17 |       0 |   0.0
        D:8 |     592 |     434 |  42.3 |      16 |       1 |   5.9
        D:9 |    2563 |    2248 |  46.7 |      25 |       9 |  26.5
       D:10 |    5243 |       0 |   0.0 |      26 |       0 |   0.0
     Lair:1 |    4516 |    1007 |  18.2 |      18 |       1 |   5.3
     Lair:2 |     406 |       0 |   0.0 |       3 |       0 |   0.0
            +---------+---------+-------+---------+---------+-------
